 Dungeon Crawl Stone Soup version 0.26-a0-466-g989023bd0d (webtiles) character file.

Game seed: 11258339621431671240

359 BattleRest the Chopper (level 6, 56/56 HPs)
             Began as a Hill Orc Monk on July 20, 2020.
             Was a Believer of Okawaru.
             Quit the game on level 3 of the Dungeon on Aug 9, 2020.
             The game lasted 00:09:03 (4111 turns).

BattleRest the Chopper (Hill Orc Monk)              Turns: 4111, Time: 00:09:03

Health: 56/56      AC: 11    Str: 16    XL:     6   Next: 65%
Magic:  6/6        EV:  5    Int: 10    God:    Okawaru [**....]
Gold:   63         SH:  0    Dex: 13    Spells: 5/5 levels left

rFire    . . .     SeeInvis .   m - +0 hand axe
rCold    . . .     Faith    .   (no shield)
rNeg     . . .     Spirit   .   d - +0 plate armour
rPois    .         Reflect  .   (no helmet)
rElec    .         Harm     .   (no cloak)
rCorr    .                      (no gloves)
MR       .....                  (no boots)
Stlth    ..........             (no amulet)
HPRegen  0.18/turn              (no ring)
MPRegen  0.10/turn              (no ring)

@: no status effects
A: no striking features
a: Heroism, Renounce Religion


You were on level 3 of the Dungeon.
You worshipped Okawaru.
Okawaru was pleased with you.
You visited 1 branch of the dungeon, and saw 3 of its levels.

You collected 63 gold pieces.

Inventory:

Hand Weapons
 h - a +0 short sword
 m - a +0 hand axe (weapon)
Armour
 a - a +0 robe
 d - a +0 plate armour (worn)
Wands
 n - a wand of disintegration (16)
Scrolls
 c - 2 scrolls of remove curse {unknown}
 j - a scroll of noise {unknown}
 l - 2 scrolls of identify {unknown}
 p - a scroll of random uselessness {unknown}
Potions
 e - a potion of stabbing {unknown}
 f - 2 potions of lignification {unknown}
 g - a potion of degeneration {unknown}
 i - 2 potions of flight {unknown}
 k - a potion of resistance {unknown}
 o - a potion of heal wounds
Comestibles
 b - 3 removed foods


   Skills:
 + Level 5.5 Fighting
 - Level 1.1 Short Blades
 * Level 5.5 Axes
 * Level 2.5 Armour
 - Level 2.6 Dodging
 - Level 1.5 Stealth
 - Level 3.4 Unarmed Combat


You had 5 spell levels left.
You didn't know any spells.
Your spell library was empty.

Dungeon Overview and Level Annotations

Branches:
Dungeon (3/15)

Altars:
Ashenzari
Kikubaaqudgha
Okawaru
Uskayaw
Yredelemnul
Zin


Message History

The worm is moderately wounded.
You hit the worm.
The worm is heavily wounded.
The worm bites you.
You slash the worm!
The worm is severely wounded.
The worm bites you.
You hit the worm.
You kill the worm!
Okawaru accepts your kill.
You start resting.
HP restored.
Found a stone staircase leading down.
f - 2 smoky pink potions (gained 1)
A hobgoblin comes into view. It is wielding a +0 flail.
Welcome back, BattleRest the Hill Orc Monk.
Okawaru says: Bring me glory in combat!
Press ? for a list of commands and other information.
Are you sure you want to abandon this character and quit the game? (Confirm with "yes".)

##..(.### #.#
#.......### #.#
#._..._...# #.#
#..........####.#
#....⌠.._.......#
..........#####.#
##._.....## #.#
#..._...#
###.###.##.#
##....###
#...@.......
#.#>.
#.#.###.....
#.... #.#.# #g# #
... .... ##.#. #.
## #.


You could see a hobgoblin (wandering).

Vanquished Creatures
  Sigmund (D:3)
  Jessica (D:2)
  Natasha (thrice) (D:2)
  4 gnolls (D:2)
  2 adders (D:2)
  A worm (D:3)
  2 leopard geckos
  4 orcs (D:3)
  2 ball pythons
  3 bats
  A giant cockroach (D:1)
  A goblin (D:1)
  4 hobgoblins
  3 kobolds
  2 quokkas (D:2)
  6 frilled lizards
  5 rats
45 creatures vanquished.

Notes
Turn   | Place    | Note
-------+----------+-------------------------------------------
     0 | D:1      | BattleRest the Hill Orc Monk began the quest for the Orb.
     0 | D:1      | Reached XP level 1. HP: 19/19 MP: 1/1
   904 | D:1      | Reached XP level 2. HP: 27/27 MP: 2/2
  1484 | D:2      | Noticed Natasha
  1490 | D:2      | Noticed a crimson imp
  1495 | D:2      | Killed Natasha
  1495 | D:2      | Reached skill level 1 in Short Blades
  1495 | D:2      | Reached skill level 1 in Armour
  1495 | D:2      | Reached XP level 3. HP: 18/33 MP: 3/3
  1816 | D:2      | Noticed Natasha
  1825 | D:2      | Killed Natasha
  1825 | D:2      | Reached skill level 1 in Axes
  1825 | D:2      | Reached XP level 4. HP: 14/41 MP: 4/4
  2101 | D:2      | Noticed Jessica
  2108 | D:2      | Killed Jessica
  2118 | D:2      | Noticed Natasha
  2135 | D:2      | Killed Natasha
  2135 | D:2      | Reached skill level 5 in Fighting
  2135 | D:2      | Reached XP level 5. HP: 10/48 MP: 5/5
  3079 | D:2      | Found an iron altar of Okawaru.
  3094 | D:2      | Became a worshipper of Warmaster Okawaru
  3094 | D:2      | Reached * piety under Okawaru
  3094 | D:2      | Reached ** piety under Okawaru
  3309 | D:3      | Noticed Sigmund
  3807 | D:3      | Killed Sigmund
  3807 | D:3      | Reached skill level 5 in Axes
  3807 | D:3      | Reached XP level 6. HP: 28/56 MP: 3/6
  4022 | D:3      | Found a glowing silver altar of Zin.
  4023 | D:3      | Found an ancient bone altar of Kikubaaqudgha.
  4024 | D:3      | Found a basalt altar of Yredelemnul.
  4024 | D:3      | Found a hide-covered altar of Uskayaw.
  4025 | D:3      | Found a shattered altar of Ashenzari.
  4111 | D:3      | Upgraded the game from 0.26-a0-259-g1effd001a9 to
                  | 0.26-a0-466-g989023bd0d
  4111 | D:3      | Quit the game

Illustrated notes

Levels and vault maps discovered:
D:1:      scummos_arrival_hexagon, layout_basic, minmay_lizard_king
D:2:      layout_loops_corners, okawaru_trees_1, uniq_natasha, uniq_jessica
D:3:      layout_loops_ring, grunt_temple_overflow_open, uniq_sigmund

Skill      XL: |  1  2  3  4  5 |
---------------+----------------+-----
Fighting       | 4 5 |  5.5
Short Blades   | 1 |  1.1
Armour         | 1 2 |  2.5
Axes           | 1 2 5 |  5.5
Dodging        | |  2.6
Stealth        | |  1.5
Unarmed Combat | |  3.4

Action                   |  1- 3 |  4- 6 || total
-------------------------+-------+-------++-------
Melee: Unarmed           |    25 |       ||    25
       Short sword       |    34 |       ||    34
       Hand axe          |    10 |   173 ||   183
       Punch             |       |     2 ||     2
Invok: Heroism           |       |     1 ||     1
  Use: Potion            |       |     1 ||     1
 Stab: Sleeping          |     1 |     2 ||     3
  Eat: Removed food      |     1 |     2 ||     3
Armor: Robe              |    15 |     4 ||    19
       Plate armour      |       |    68 ||    68
Dodge: Dodged            |    33 |    60 ||    93

Table legend: (Time is in decaauts)
 A = Elapsed time spent in this place.
 B = Non-inter-level travel time spent in this place.
 C = Inter-level travel time spent in this place.
 D = Time resting spent in this place.
 E = Time spent auto-exploring this place.
 F = Levels seen in this place.
 G = Mean time per level.
                   A        B        C        D        E       F      G
               +--------+--------+--------+--------+--------+-----+--------+
         Total |   4138 |   4113 |     25 |   2270 |   1176 |   3 | 1379.3 |
       Dungeon |   4138 |   4113 |     25 |   2270 |   1176 |   3 | 1379.3 |
               +--------+--------+--------+--------+--------+-----+--------+
